Map: Interloper LE

Players

Juxtapose

  • Race: Protoss Protoss
  • League: Gold
  • Spawn Location: 5:00

RNGesus - Winner!

  • Race: Zerg Zerg
  • League: Platinum
  • Spawn Location: 11:00

VOD

https://youtu.be/MclAZ0dsxLI

Description

I just played poorly in this match. My opponent did nothing special or noteworthy at all. He was vulnerable to Oracle-harass which I didn't take advantage of. I failed to position my Mothership Core and was delayed expanding. I was slow and sluggish in my production, etc.

Clearly, I wasn't in the right mind-set, so after this match I decided to call it a night.

Time

  • Played on: Oct. 8, 2017, 6:54 p.m.
  • Length: 10:05
Show
View Real Time Build Order
Export as new Build Order

Juxtapose Protoss 

Build Orders:  

Get SALT Encoding   

  12  0:01  Probe (Chrono Boost)  
  13  0:12  Probe (Chrono Boost)  
  14  0:23  Probe (Chrono Boost), Pylon  
  15  0:41  Probe (Chrono Boost)  
  15  0:42  Gateway  
  16  0:52  Probe (Chrono Boost)  
  17  1:00  Assimilator  
  17  1:03  Probe (Chrono Boost)  
  18  1:13  Probe (Chrono Boost)  
  19  1:19  Pylon  
  19  1:24  Probe (Chrono Boost)  
  20  1:34  Probe (Chrono Boost)  
  20  1:35  Cybernetics Core  
  20  1:39  Assimilator  
  21  1:45  Zealot, Probe (Chrono Boost)  
  24  1:55  Probe (Chrono Boost)  
  25  2:03  Pylon  
  25  2:14  Warp Gate  
  25  2:23  Sentry  
  25  2:29  Probe (Chrono Boost)  
  28  2:42  Probe (Chrono Boost)  
  29  2:50  Nexus  
  29  2:52  Pylon  
  29  2:56  Pylon  
  29  3:03  Mothership Core (Chrono Boost)  
  31  3:12  Pylon  
  31  3:22  Twilight Council  
  31  3:33  Forge  
  31  3:50  Zealot  
  33  4:05  Nexus  
  33  4:06  Pylon  
  33  4:10  Pylon  
  33  4:11  Charge (Chrono Boost)  
  33  4:13  Pylon  
  33  4:20  Gateway  
  33  4:54  Robotics Facility  
  33  5:00  Pylon  
  33  5:05  Gateway  
  33  5:06  Protoss Ground Weapons Level 1 (Chrono Boost)  
  33  5:08  Pylon  
  33  5:14  Stalker  
  35  5:25  Probe  
  36  5:31  Probe  
  37  5:36  Probe  
  38  5:43  Probe  
  38  5:44  Observer  
  38  5:47  Probe  
  41  5:55  Probe  
  42  6:05  Warp Prism  
  42  6:07  Zealot x2  
  42  6:08  Zealot  
  50  6:31  Probe  
  50  6:33  Probe  
  50  6:39  Gateway  
  52  6:40  Gateway  
  52  6:41  Immortal  
  52  6:42  Probe  
  52  6:45  Probe  
  57  7:20  Nexus  
  57  7:23  Pylon  
  57  7:24  Robotics Bay  
  57  7:25  Pylon  
  57  7:29  Pylon  
  57  7:32  Robotics Facility  
  57  7:39  Probe  
  57  7:40  Probe  
  59  7:46  Stalker  
  59  7:48  Zealot  
  59  7:49  Probe  
  64  7:52  Probe  
  65  8:04  Probe  
  66  8:17  Assimilator, Probe  
  67  8:20  Assimilator  
  67  8:27  Probe  
  67  8:29  Colossus  
  67  8:33  Colossus  
  80  8:38  Probe  
  81  8:48  Probe x2  
  83  8:59  Probe  
  82  9:06  Zealot  
  82  9:07  Zealot x3  
  82  9:08  Zealot  
  38  9:44  Zealot x4  
  38  9:45  Zealot  
Show
View Real Time Build Order
Export as new Build Order

RNGesus Zerg - Winner!

Build Orders: Hatch First 

Get SALT Encoding   

  12  0:01  Drone  
  13  0:13  Drone  
  14  0:18  Extractor, Drone  
  14  0:19  Extractor  
  13  0:22  Drone  
  16  0:35  Overlord  
  16  0:54  Drone x2  
  18  1:01  Drone  
  19  1:06  Hatchery  
  18  1:11  Extractor  
  18  1:17  Spawning Pool  
  16  1:21  Drone  
  17  1:40  Drone  
  17  1:41  Drone  
  17  1:42  Overlord  
  19  2:05  Zergling x4  
  21  2:12  Metabolic Boost  
  21  2:17  Queen  
  21  2:18  Queen  
  21  2:21  Zergling x4  
  27  2:30  Zergling x2  
  27  2:32  Zergling x2  
  29  2:52  Evolution Chamber  
  29  2:54  Drone  
  29  3:00  Drone x4  
  33  3:09  Zergling x4  
  35  3:13  Zergling x2  
  35  3:18  Overlord  
  36  3:44  Drone  
  36  3:45  Drone x3  
  36  3:46  Drone x3  
  36  3:48  Zerg Melee Weapons Level 1  
  43  3:52  Lair  
  43  3:56  Extractor  
  43  3:57  Drone  
  43  3:59  Drone  
  44  4:05  Overlord  
  44  4:07  Overlord  
  44  4:10  Overlord  
  44  4:27  Drone x3  
  44  4:30  Drone x3  
  50  4:34  Hatchery  
  50  4:35  Drone x2  
  50  4:37  Zergling x4  
  53  4:50  Evolution Chamber  
  52  4:56  Drone  
  53  5:08  Hydralisk Den  
  53  5:11  Extractor, Drone  
  53  5:13  Drone  
  53  5:16  Queen x2  
  53  5:19  Drone x3  
  60  5:27  Zerg Ground Armor Level 1  
  60  5:45  Overlord, Extractor, Drone  
  60  5:58  Zerg Missile Weapons Level 1  
  60  6:00  Muscular Augments  
  60  6:01  Hydralisk x3  
  60  6:02  Overlord x3  
  60  6:03  Overlord  
  66  6:06  Queen  
  66  6:08  Drone x2  
  66  6:09  Hydralisk x2  
  74  6:28  Hydralisk  
  74  6:29  Hydralisk x4  
  74  6:31  Zergling x10  
  89  7:13  Hydralisk x2, Zergling x10  
  89  7:14  Hydralisk x4  
  106  7:16  Overlord x4  
  106  7:19  Overseer x2  
  106  7:21  Pneumatized Carapace  
  106  7:59  Hydralisk x3  
  106  8:00  Hydralisk, Zergling x2  
  106  8:01  Zergling x14  
  106  8:02  Zergling x2  
  123  8:16  Drone x5  
Tags
 
Add a new tag
Caveats
  • Supply blocks, unpowered buildings, or Contaminate may cause inaccurate times.
  • Supply counts are checked every 10 seconds.